 Dungeon Crawl Stone Soup version 0.27-a0-333-gfa571bf19a (webtiles) character file.

Game seed: 15103469402374560988

65254 DavidChitty2 the Basher (level 14, -2/104 (113) HPs)
             Began as a Demonspawn Abyssal Knight on Feb 12, 2021.
             Was an Elder of Lugonu.
             Slain by a sixfirhy (10 damage)
             ... summoned by a kobold demonologist
             ... on level 13 of the Dungeon.
             The game lasted 01:05:08 (39935 turns).

DavidChitty2 the Basher (DsAK)                     Turns: 39935, Time: 01:05:08

HP:   -2/104 (113)  AC:  6    Str: 17      XL:     14   Next: 74%
MP:   24/24         EV:  6    Int: 14      God:    Lugonu [****..]
Gold: 1410          SH: 10    Dex: 12 (13) Spells: 13/19 levels left

rFire    + . .     SeeInvis .   a - +2 morningstar (vorpal)
rCold    + . .     Faith    .   K - +0 kite shield
rNeg     . . .     Spirit   .   y - +0 chain mail
rPois    .         Reflect  .   J - +0 helmet
rElec    .         Harm     .   S - +1 cloak {Stlth+}
rCorr    .         Rampage  .   j - +0 pair of gloves
Will     +....                  r - +2 pair of boots
Stlth    ..........             (no amulet)
HPRegen  0.27/turn              o - ring of protection from cold
MPRegen  0.19/turn              i - ring of protection from fire

@: lethally poisoned (-2 -> -3), corroded, slowed, drained, very slow
A: talons 1, yellow scales 1, foul stench 2, powered by pain 3
a: Renounce Religion, Depart the Abyss, Bend Space, Banish, Corrupt


You were on level 13 of the Dungeon.
You worshipped Lugonu.
Lugonu was greatly pleased with you.
You visited 2 branches of the dungeon, and saw 19 of its levels.
You visited the Abyss 1 time.
You also visited: Sewer and Gauntlet.

You collected 1410 gold pieces.

Inventory:

Hand Weapons
 a - a +2 vorpal morningstar (weapon)
   (You took it off a wight on level 8 of the Dungeon)
 l - a +3 vampiric whip
   (You took it off a kobold on level 7 of the Dungeon)
 V - the +11 plutonium sword {*Contam Stlth-}
   (You found it in a Gauntlet)

   It causes magical contamination when unequipped.
   It makes you less stealthy.
Missiles
 f - 119 poisoned darts (quivered)
 g - 682 stones
Armour
 c - a +1 cloak
   (You found it on level 2 of the Dungeon)
 j - a +0 pair of gloves (worn)
   (You found it on level 5 of the Dungeon)
 r - a +2 pair of boots (worn)
   (You found it on level 6 of the Dungeon)
 y - a +0 chain mail (worn)
   (You found it on level 1 of the Dungeon)
 J - a +0 helmet (worn)
   (You found it on level 6 of the Dungeon)
 K - a +0 kite shield (worn)
   (You took it off a gnoll sergeant on level 10 of the Dungeon)
 S - a +1 cloak of stealth (worn)
   (You found it in a Gauntlet)
 W - a +0 plate armour
   (You took it off a minotaur in a Gauntlet)
Magical Staves
 b - a staff of death
   (You found it on level 6 of the Dungeon)
Jewellery
 i - a ring of protection from fire (right hand)
   (You found it on level 5 of the Lair of Beasts)
 n - a ring of willpower
   (You found it on level 6 of the Dungeon)
 o - a ring of protection from cold (left hand)
   (You found it on level 3 of the Dungeon)
 p - a ring of protection from cold
   (You found it on level 2 of the Lair of Beasts)
 s - a ring of willpower
   (You found it on level 9 of the Dungeon)
 T - a +4 ring of evasion
   (You found it in a Gauntlet)
 U - a ring of willpower
   (You took it off a minotaur in a Gauntlet)
Wands
 t - a wand of flame (18)
   (You took it off a kobold on level 9 of the Dungeon)
 u - a wand of paralysis (29)
   (You found it on level 1 of the Lair of Beasts)
 v - a wand of digging (21)
   (You found it on level 10 of the Dungeon)
 w - a wand of mindburst (4)
   (You found it on level 6 of the Dungeon)
 D - a wand of charming (9)
   (You found it on level 9 of the Dungeon)
 L - a wand of polymorph (32)
   (You took it off an orc warrior on level 10 of the Dungeon)
Scrolls
 z - 8 scrolls of identify {@r1}
 B - 3 scrolls of enchant armour
 E - 3 scrolls of fear
 I - 2 scrolls of magic mapping
 M - 3 scrolls of enchant weapon
 N - 9 scrolls of teleportation {@r4}
 Q - 2 scrolls of immolation {!r}
Potions
 e - 3 potions of degeneration {!q}
 h - a potion of heal wounds {@q2}
 k - a potion of curing {@q1}
 m - 5 potions of flight
 q - 4 potions of lignification {!q}
 A - 3 potions of berserk rage
 C - 3 potions of brilliance
 G - 2 potions of ambrosia
 H - 3 potions of mutation {!q}
 O - 2 potions of attraction {!q}
 R - a potion of magic
 Y - a potion of resistance
Miscellaneous
 X - a lightning rod (4/4) {!a}
   (You found it in a Gauntlet)


   Skills:
 + Level 11.4 Fighting
 * Level 14.1 Maces & Flails
 + Level 10.4 Armour
 - Level 0.8 Dodging
 + Level 7.8 Shields
 + Level 3.0 Spellcasting
 + Level 3.1 Necromancy
 + Level 0.3 Translocations
 + Level 14.1 Invocations


You had 13 spell levels left.
You knew the following spells:

 Your Spells              Type           Power        Failure   Level
b - Blink                 Tloc           N/A          100%        2
u - Animate Dead          Necr           5%           100%        4

Your spell library contained the following spells:

 Spells                   Type           Power        Failure   Level
 Animate Skeleton         Necr           20%          80%         1
 Pain                     Necr           40%          80%         1
 Corona                   Hex            2%           99%         1
 Magic Dart               Conj           8%           99%         1
 Vampiric Draining        Necr           5%           99%         3
 Call Imp                 Summ           2%           100%        2
 Ensorcelled Hibernation  Hex/Ice        4%           100%        2
 Slow                     Hex            2%           100%        2
 Confusing Touch          Hex            2%           100%        3
 Conjure Flame            Conj/Fire      2%           100%        3
 Dazzling Flash           Conj/Hex       4%           100%        3
 Gell's Gravitas          Tloc           1%           100%        3
 Inner Flame              Hex/Fire       2%           100%        3
 Mephitic Cloud           Conj/Pois/Air  2%           100%        3
 Portal Projectile        Hex/Tloc       4%           100%        3
 Tukima's Dance           Hex            2%           100%        3
 Animate Armour           Summ/Erth      4%           100%        4
 Cause Fear               Hex            1%           100%        4
 Leda's Liquefaction      Hex/Erth       1%           100%        4
 Petrify                  Tmut/Erth      2%           100%        4
 Summon Lightning Spire   Summ/Air       2%           100%        4
 Agony                    Necr           10%          100%        5
 Bolt of Magma            Conj/Fire/Erth 1%           100%        5
 Iskenderun's Battlesphe  Conj           2%           100%        5
 Metabolic Englaciation   Hex/Ice        1%           100%        5
 Silence                  Hex/Air        1%           100%        5
 Yara's Violent Unravell  Hex/Tmut       1%           100%        5
 Conjure Ball Lightning   Conj/Air       1%           100%        6
 Iron Shot                Conj/Erth      1%           100%        6
 Orb of Destruction       Conj           1%           100%        7
 Spellforged Servitor     Conj/Summ      1%           100%        7
 Discord                  Hex            1%           100%        8
 Tornado                  Air            1%           100%        9


Dungeon Overview and Level Annotations

Branches:
Dungeon (13/15)            Temple (0/1) D:7            Lair (6/6) D:8
 Shoals (0/4) Lair:3        Snake (0/4) Lair:2        Slime (0/5) Lair:6
    Orc (0/2) D:9           Sewer (visited)         Gauntlet (visited)
 Vaults: D:13-14

Altars:
Dithmenos
Fedhas
Gozag
Okawaru
Qazlal
Sif Muna
Wu Jian
Xom
Yredelemnul
Zin
The Shining One
Beogh
Jiyva

Shops:
D:8 !   D:9 =

Annotations:
D:10 1 transporter, Awim's ghost, journeyman VSWn
D:11 2 transporters, Borgoz's ghost, journeyman GrBe
Abyss:1 Harold; Menkaure


Innate Abilities, Weirdness & Mutations

You have sharp toenails.
You are partially covered in yellow scales. (AC +2)
You sometimes emit foul miasma when damaged in melee.
You are powered by pain.


Message History

The rust devil hits you. The rust devil corrodes you!
The sixfirhy hits you but does no damage.
You block the kobold brigand's attack.
The kobold demonologist hits you but does no damage.
You block the orange demon's attack.
The shadow imp hits you but does no damage.
The kobold brigand hits you but does no damage.
The rust devil hits you.
* * * LOW HITPOINT WARNING * * *
The rust devil corrodes you! The sixfirhy hits you.
* * * LOW HITPOINT WARNING * * *
The sixfirhy shocks you!
* * * LOW HITPOINT WARNING * * *
You hit the kobold demonologist but do no damage.
The sixfirhy hits you but does no damage.
The kobold brigand hits you but does no damage.
The kobold demonologist miscasts a cantrip.
The orange demon stings you but does no damage.
The quasit bites you but does no damage.
The quasit claws you.
* * * LOW HITPOINT WARNING * * *
The quasit claws you but does no damage.
The rust devil hits you.
* * * LOW HITPOINT WARNING * * *
The rust devil corrodes you!
The kobold brigand hits you with a +0 club.
* * * LOW HITPOINT WARNING * * *
You block the kobold brigand's attack.
The kobold demonologist hits you but does no damage.
You block the orange demon's attack.
You feel sick.
The quasit bites you but does no damage.
The quasit barely misses you.
The quasit claws you but does no damage.
You block the rust devil's attack. The crimson imp barely misses you.
The quasit closely misses you. You block the quasit's attack.
The quasit claws you but does no damage.
The kobold demonologist looks braver for a moment.
The shadow imp barely misses you.
The sixfirhy hits you but does no damage.
The rust devil hits you.
* * * LOW HITPOINT WARNING * * *
The rust devil corrodes you!
The kobold brigand hits you but does no damage.
The sixfirhy hits you.
* * * LOW HITPOINT WARNING * * *
The sixfirhy shocks you!
* * * LOW HITPOINT WARNING * * *
You block the sixfirhy's attack. The sixfirhy hits you!
You die...

#..#.....[...##........###.
#...........##........# ##
##..........#.........# #
#................)...# #
#.....................# #
#....................## #
#.#..................# #
#.#......<...........# # .
##.....@5..........# #
##...534K.........# #
#..K.K5..........# #
##..4KK..####...## #
#.......# ###..# ##....).#
#..# #.......# #..#####
#.......# #..#....
.#....... #..#....


You could see an orange demon (summoned), a rust devil (summoned), a kobold
demonologist, a sixfirhy (summoned), 3 kobold brigands, a quasit (summoned), a
crimson imp (summoned), a shadow imp (summoned) and a kobold.

Vanquished Creatures
  6 dire elephants (Lair:6)
  A minotaur (Gauntlet)
  5 hydras
  A catoblepas (Lair:4)
  An anaconda (Lair:6)
  Sonja (D:11)
  An unseen horror (D:10)
  An ugly thing (D:12)
  A lindwurm (Lair:6)
  A wolf spider (Gauntlet)
  18 elephants
  4 black mambas
  6 cane toads
  A torpor snail (Lair:5)
  5 rime drakes
  12 komodo dragons
  A troll (D:12)
  2 polar bears
  A jumping spider (Gauntlet)
  26 blink frogs
  7 dream sheep (Lair:6)
  53 yaks
  4 shadows
  Sigmund (D:2)
  A wraith (D:10)
  4 wyverns
  A basilisk (Lair:6)
  3 fire bats
  Grum (D:10)
  4 steam dragons
  15 water moccasins
  12 ice beasts
  7 orc warriors
  4 black bears
  5 sky beasts
  8 ogres
  14 wolves
  13 centaurs
  3 phantoms
  6 kobold brigands
  20 bullfrogs
  5 gnoll sergeants (D:10)
  6 scorpions
  7 killer bees
  9 wights
  3 bullfrog zombies
  2 centaur zombies
  12 hounds
  A centaur skeleton (D:4)
  7 orc priests
  2 bullfrog skeletons
  A gnoll shaman (D:10)
  3 jellies
  5 iguanas
  11 orc wizards
  9 worker ants
  2 hound zombies
  A worker ant zombie (D:11)
  16 gnolls (D:10)
  14 adders
  A river rat (Sewer)
  A shadow imp (D:5)
  7 white imps
  An ufetubus (D:6)
  An ooze (D:1)
  An adder zombie (D:5)
  An adder skeleton (D:4)
  3 worms
  A dart slug (D:2)
  7 leopard geckos
  53 orcs
  3 ball pythons
  A giant cockroach (D:2)
  7 goblins
  5 hobgoblins
  13 jackals
  32 kobolds
  4 quokkas
  9 bats
  8 frilled lizards
  A leopard gecko skeleton (D:4)
  A leopard gecko zombie (D:7)
  7 rats
565 creatures vanquished.

Vanquished Creatures (others)
  An orc (D:10)
  39 fungi
  50 plants
90 creatures vanquished.

Grand Total: 655 creatures vanquished

Notes
Turn   | Place    | Note
-------+----------+-------------------------------------------
     0 | Abyss:1  | DavidChitty2 the Demonspawn Abyssal Knight began the quest
                  | for the Orb.
     0 | Abyss:1  | Reached XP level 1. HP: 18/18 MP: 2/2
    56 | Abyss:1  | Noticed a wretched star
    57 | D:1      | Escaped the Abyss
   639 | D:1      | Reached * piety under Lugonu
   640 | D:1      | Gained mutation: You sometimes gain a little power by
                  | taking damage. [demonic ancestry]
   640 | D:1      | Reached XP level 2. HP: 22/24 MP: 4/4
  1071 | D:2      | Noticed Sigmund
  1122 | D:2      | Gained mutation: You sometimes gain power by taking damage.
                  | [demonic ancestry]
  1122 | D:2      | Reached XP level 3. HP: 29/29 MP: 5/5
  1376 | D:2      | HP: 1/29 [something (1)]
  1384 | D:2      | Reached XP level 4. HP: 3/35 MP: 6/6
  2469 | D:2      | Killed Sigmund
  2470 | D:2      | Reached XP level 5. HP: 32/42 MP: 6/8
  2611 | D:2      | Reached ** piety under Lugonu
  2900 | D:3      | Gained mutation: You are powered by pain. [demonic
                  | ancestry]
  2900 | D:3      | Reached XP level 6. HP: 24/48 MP: 9/9
  3068 | D:3      | Found a glowing drain.
  3078 | Sewer    | Entered a sewer
  3595 | Sewer    | Found a white marble altar of Elyvilon.
  5364 | D:4      | Reached XP level 7. HP: 54/55 MP: 10/10
  5645 | D:5      | Entered Level 5 of the Dungeon
  5662 | D:5      | Reached skill level 5 in Invocations
  6563 | D:5      | Reached skill level 5 in Maces & Flails
  7394 | D:5      | Reached skill level 5 in Fighting
  7597 | D:5      | Reached *** piety under Lugonu
  7613 | D:5      | Gained mutation: You are partially covered in yellow
                  | scales. (AC +2) [demonic ancestry]
  7613 | D:5      | Reached XP level 8. HP: 41/62 MP: 12/12
  8402 | D:6      | Found an iron altar of Okawaru.
  8652 | D:6      | Found the +4 Cigotuvi's embrace {rMiasma *Drain rN+}
  9041 | D:6      | Found a glowing golden altar of the Shining One.
  9292 | D:7      | Found a staircase to the Ecumenical Temple.
  9299 | D:7      | Noticed a hornet
  9308 | D:7      | Banished a hornet
  9309 | D:7      | Reached skill level 5 in Armour
  9573 | D:6      | Reached XP level 9. HP: 69/69 MP: 14/14
  9684 | D:7      | Found a blossoming altar of Fedhas.
  9685 | D:7      | Found a stormy altar of Qazlal.
 10095 | D:7      | Found a basalt altar of Yredelemnul.
 10378 | D:7      | Found a glowing silver altar of Zin.
 10537 | D:7      | Noticed Menkaure
 10540 | D:7      | Banished Menkaure
 10963 | D:7      | Found a shimmering blue altar of Sif Muna.
 10993 | D:7      | Found a shadowy altar of Dithmenos.
 11250 | D:7      | HP: 3/71 [poisoned by a killer bee]
 11605 | D:8      | Found a blossoming altar of Fedhas.
 12126 | D:8      | Found a staircase to the Lair.
 12242 | D:8      | Found Rarchuka's Distillery.
 13170 | D:8      | Found an ornate altar of the Wu Jian Council.
 13594 | D:9      | Found Lophekut's Jewellery Shop.
 13644 | D:9      | Found a staircase to the Orcish Mines.
 13744 | D:9      | Gained mutation: You may rarely emit foul miasma when
                  | damaged in melee. [demonic ancestry]
 13744 | D:9      | Reached XP level 10. HP: 73/75 MP: 16/16
 13766 | D:9      | Found an opulent altar of Gozag.
 13771 | D:9      | Found a shimmering altar of Xom.
 13896 | D:9      | Reached **** piety under Lugonu
 14289 | D:9      | Found a roughly hewn altar of Beogh.
 14999 | D:10     | Entered Level 10 of the Dungeon
 15465 | D:10     | Reached ***** piety under Lugonu
 15537 | D:10     | Killed an unseen horror
 16147 | D:10     | Noticed Grum
 16174 | D:10     | Killed Grum
 16223 | D:10     | Reached skill level 1 in Shields
 16378 | D:10     | Reached skill level 10 in Invocations
 17014 | D:10     | Found a transporter.
 17016 | D:10     | Identified the +6 great mace of Hubris {venom, +Inv Will+}
 17016 | D:10     | Noticed a two-headed ogre
 17016 | D:10     | Noticed Awim's ghost (journeyman VSWn)
 17016 | D:10     | Noticed a two-headed ogre
 17188 | D:10     | Reached skill level 10 in Maces & Flails
 17376 | D:10     | Gained mutation: You have sharp toenails. [demonic
                  | ancestry]
 17376 | D:10     | Reached XP level 11. HP: 85/86 MP: 18/18
 18163 | D:11     | Noticed Sonja
 18183 | D:11     | Killed Sonja
 18598 | D:11     | Found a transporter.
 18603 | D:11     | Found a transporter.
 18603 | D:11     | Noticed Borgoz's ghost (journeyman GrBe)
 19236 | Lair:1   | Entered Level 1 of the Lair of Beasts
 20585 | Lair:1   | Noticed Harold
 20586 | Lair:1   | Banished Harold
 21057 | Lair:2   | Found a staircase to the Snake Pit.
 21523 | Lair:2   | Found a frozen archway.
 21527 | Lair:2   | Gained mutation: You sometimes emit foul miasma when
                  | damaged in melee. [demonic ancestry]
 21527 | Lair:2   | Reached XP level 12. HP: 95/95 MP: 20/20
 23812 | Lair:3   | Found a staircase to the Shoals.
 23821 | Lair:3   | Reached skill level 5 in Shields
 24328 | Lair:3   | Noticed a four-headed hydra
 24329 | Lair:3   | Noticed a five-headed hydra
 24348 | Lair:2   | Killed a four-headed hydra
 24600 | Lair:3   | Killed a five-headed hydra
 24876 | Lair:3   | Reached skill level 10 in Fighting
 25662 | Lair:4   | Noticed a boulder beetle
 25664 | Lair:4   | Banished a boulder beetle
 25728 | Lair:4   | Reached XP level 13. HP: 76/103 MP: 22/22
 26850 | Lair:4   | Learned a level 4 spell: Animate Dead
 27280 | Lair:4   | Reached skill level 1 in Necromancy
 27555 | Lair:4   | Reached skill level 1 in Spellcasting
 29936 | Lair:6   | Entered Level 6 of the Lair of Beasts
 29977 | Lair:6   | Found a viscous altar of Jiyva.
 30045 | Lair:6   | Found a gate leading to a gauntlet.
 30054 | Gauntlet | Entered a Gauntlet
 30054 | Gauntlet | Found a transporter.
 30054 | Gauntlet | Found a transporter.
 30054 | Gauntlet | Noticed an entropy weaver
 30054 | Gauntlet | Noticed a death ooze
 30370 | Gauntlet | Found a transporter.
 30373 | Gauntlet | Found a transporter.
 30373 | Gauntlet | Found a transporter.
 30383 | Gauntlet | Found a transporter.
 30398 | Gauntlet | Found a transporter.
 30405 | Gauntlet | Found a transporter.
 30424 | Gauntlet | Found a transporter.
 30429 | Gauntlet | Found a transporter.
 30451 | Gauntlet | Found a transporter.
 30503 | Gauntlet | Found a transporter.
 30609 | Gauntlet | Banished an entropy weaver
 31081 | Gauntlet | Noticed a minotaur
 31082 | Gauntlet | Found the +11 plutonium sword {*Contam Stlth-}
 31097 | Gauntlet | Killed a minotaur
 31415 | Gauntlet | Identified the Catalogue of the Supportive Birds
 31420 | Gauntlet | Learned a level 2 spell: Blink
 32001 | Lair:6   | Noticed a dire elephant
 32026 | Lair:6   | Killed a dire elephant
 32027 | Lair:6   | Reached XP level 14. HP: 37/111 MP: 23/23
 33430 | Lair:6   | Found a staircase to the Slime Pits.
 33535 | Lair:5   | Reached skill level 10 in Armour
 35655 | Lair:6   | HP: 1/113 [komodo dragon (15)]
 39935 | D:13     | Slain by a sixfirhy

Illustrated notes

Levels and vault maps discovered:
D:1:      nicolae_arrival_somewhat_less_tricky_arrival, layout_loops_ring
D:2:      layout_basic, uniq_sigmund
D:3:      layout_basic, portal_sewer_entry_b, kennysheep_pointless_box,
          st_stairs_5, chequers_serial_rivers_micro_d
D:4:      layout_gridville
D:5:      layout_cave_pools
D:6:      layout_basic, lemuel_round_altar, okawaru_ov_weapons_minmay
D:7:      layout_gridville, grunt_temple_overflow_forces_of_nature,
          lemuel_blue_sif_altar, kennysheep_mini, general_overflow_altar,
          lemuel_coloured_pillars_altar, minmay_temple_entry_offerings,
          uniq_menkaure
D:8:      layout_loops_ring, overflow_temple_1_default, lair_entry_dummy,
          serial_shops, nicolae_shop_competitors_out_of_business, fedhas_altar_2
D:9:      layout_roguey [special_room_orc], grunt_temple_overflow_open,
          orc_0_dummy, serial_shops, nicolae_shop_temple_entry_statues_fountains
D:10:     layout_cave_pools, serial_gnoll_camp, gnoll_camp_medium_02,
          grums_kennel, gnoll_camp_mini_hut, gnoll_camp_medium_01,
          gnoll_camp_mini_house, gnoll_camp_mini_hut, gammafunk_ghost_smash,
          hangedman_misty_isle
D:11:     layout_loops_corners, gammafunk_ghost_mausoleum, uniq_sonja
D:12:     layout_gridville
D:13:     layout_cave_pods, basic_altar, serial_shops,
          nicolae_shop_behind_doors, onia_ninara_dug_in_and_dangerous
Lair:1:   layout_chaotic_city, uniq_harold
Lair:2:   layout_misc_corridors, guppyfry_snake_entry_garden,
          portal_ice_cave_entry_ice_beasts, lemuel_fruit_fields
Lair:3:   layout_gridlike, shoals_dummy_entry
Lair:4:   layout_hall_layers
Lair:5:   layout_hall_layers, chequers_serial_rivers_small_a,
          nicolae_quartered_pool_super, grunt_megastairs_5
Lair:6:   due_jungle_book, layout_gridlike, slime_altar_1,
          gauntlet_entry_generic

Skill      XL: |  1  2  3  4  5  6  7  8  9 10 11 12 13 14 |
---------------+-------------------------------------------+-----
Maces & Flails | 2 3 4 5 7 8 10 11 12 13 14 | 14.1
Armour         | 2 3 4 5 6 7 8 9 10 | 10.4
Invocations    | 3 4 5 7 8 10 11 12 13 14 | 14.1
Fighting       | 4 5 6 7 8 9 10 11 | 11.4
Shields        | 1 4 5 6 7 |  7.8
Necromancy     | 3 |  3.1
Spellcasting   | 2 3 |  3.0
Dodging        | |  0.8
Translocations | |  0.3

Action                   |  1- 3 |  4- 6 |  7- 9 | 10-12 | 13-15 || total
-------------------------+-------+-------+-------+-------+-------++-------
Melee: Mace              |    86 |   208 |       |       |       ||   294
       Morningstar       |       |    20 |   360 |   625 |   931 ||  1936
       Whip              |       |       |   276 |   629 |       ||   905
Throw: Dart              |       |    22 |     1 |       |     6 ||    29
       Stone             |       |    10 |       |       |       ||    10
Invok: Depart the Abyss  |     1 |       |       |       |       ||     1
       Banish            |       |       |     7 |    24 |    12 ||    43
Evoke: Wand              |       |       |    10 |     3 |    14 ||    27
  Use: Potion            |     2 |       |     1 |     8 |     8 ||    19
       Scroll            |       |     7 |     9 |     9 |    20 ||    45
Armor: Ring mail         |    52 |    97 |    34 |       |       ||   183
       Skin              |     4 |       |       |       |       ||     4
       Chain mail        |       |       |   462 |  1035 |   677 ||  2174
Dodge: Dodged            |    53 |   168 |   263 |   346 |   426 ||  1256
Block: Kite shield       |       |       |       |   382 |   634 ||  1016

Table legend: (Time is in decaauts)
 A = Elapsed time spent in this place.
 B = Non-inter-level travel time spent in this place.
 C = Inter-level travel time spent in this place.
 D = Time resting spent in this place.
 E = Time spent auto-exploring this place.
 F = Levels seen in this place.
 G = Mean time per level.
                   A        B        C        D        E       F      G
               +--------+--------+--------+--------+--------+-----+--------+
         Total |  40024 |  38831 |   1193 |  20577 |  12179 |  22 | 1819.3 |
       Dungeon |  20682 |  19948 |    734 |   8707 |   7834 |  13 | 1590.9 |
          Lair |  17300 |  16841 |    459 |  10560 |   3921 |   6 | 2883.3 |
         Abyss |     57 |     57 |      0 |      0 |     56 |   1 |   57.0 |
         Sewer |    609 |    609 |      0 |    306 |    167 |   1 |  609.0 |
      Gauntlet |   1375 |   1375 |      0 |   1003 |    200 |   1 | 1375.0 |
               +--------+--------+--------+--------+--------+-----+--------+

Top non-repeatable levels by time:
  Lair:6: 4596 daAuts
  Lair:5: 3800 daAuts
     D:4: 2659 daAuts
  Lair:3: 2652 daAuts
    D:10: 2360 daAuts
  Lair:2: 2265 daAuts
  Lair:1: 2134 daAuts
     D:7: 2076 daAuts
     D:9: 1862 daAuts
  Lair:4: 1850 daAuts
    D:11: 1808 daAuts
     D:2: 1625 daAuts
     D:8: 1574 daAuts
     D:6: 1424 daAuts
    D:12: 1423 daAuts
